AoeStats
← normalnocturnal

Black Forest

509956298Analyzed
3v3 RM · 5d ago on Sep 28, 2026· 43m 27s· 6 players
Game mode
Random Map
Map size
Normal (6 player)
Population
200
Speed
Normal
Resources
Standard
Victory
Conquest
Starting age
Dark Age
Ending age
Imperial Age
RankedLock teamsTeams togetherTeam positionsShared explorationLock speedFull tech treeHidden civsTurbo modeCheats
Victory
Defeat
🇬🇧 Saxons · United Kingdom
793
+18
🇬🇧 Varangians · United Kingdom
789
+18
🇬🇧 Danes · United Kingdom
736
+20
🇦🇷 Vietnamese · Argentina
870
-20
🇦🇷 Saracens · Argentina
867
-20
🇦🇷 Chinese · Argentina
758
-16
Elvegetal777852
1:08 Loom
13:33 Feudal Age
14:00 Fishing Lines
16:37 Wheelbarrow
18:38 Horse Collar
21:22 Castle Age
22:21 Stone Mining
26:43 Forging
27:07 Fletching
28:38 Gold Mining
29:40 Double-Bit Axe
30:36 Bloodlines
32:34 Fortified Wall
32:23 Murder Holes
32:57 Husbandry
33:19 Bimaristan
34:40 Iron Casting
34:20 Scale Barding Armor
35:20 Heavy Plow
35:32 Bow Saw
36:52 Iron Casting
36:39 Chain Barding Armor
Guanero239691
13:24 Feudal Age
14:40 Wheelbarrow
14:04 Fishing Lines
22:58 Double-Bit Axe
23:19 Gold Mining
23:22 Stone Mining
23:16 Horse Collar
28:12 Castle Age
28:06 Fletching
28:17 Padded Archer Armor
30:40 Hand Cart
31:21 Stone Shaft Mining
31:25 Gold Shaft Mining
30:54 Heavy Plow
31:09 Bow Saw
32:30 Bodkin Arrow
32:51 Leather Archer Armor
32:42 Gillnets
36:31 Husbandry
41:04 Imperial Age
40:36 Ballistics
41:07 Heavy Rocket Cart
picanazomaster7
0:33 Loom
9:12 Loom
12:10 Feudal Age
18:57 Castle Age
17:01 Horse Collar
17:14 Gold Mining
18:28 Stone Mining
24:50 Town Watch
25:42 Wheelbarrow
24:55 Town Watch
26:09 Hand Cart
27:19 Pikeman
28:02 Squires
27:47 Arson
33:14 Imperial Age
33:22 Imperial Age
33:49 Halberdier
36:05 Forging
35:56 Scale Mail Armor
41:20 Padded Archer Armor
41:10 Fletching
41:56 Iron Casting
41:36 Chain Mail Armor
42:16 Paper Money
41:18 Elite Rattan Archer
WarMachine
2:21 Loom
11:29 Feudal Age
12:07 Horse Collar
13:14 Double-Bit Axe
22:40 Castle Age
21:24 Stone Mining
21:26 Gold Mining
22:51 Forging
25:02 Stone Shaft Mining
25:00 Bow Saw
25:26 Heavy Plow
31:54 Imperial Age
30:23 Fishing Lines
36:25 Gold Shaft Mining
35:15 Elite Jomsviking
37:23 Iron Casting
36:48 Scale Mail Armor
ChrisVoor
1:02 Loom
13:46 Feudal Age
15:11 Fishing Lines
16:38 Horse Collar
16:49 Double-Bit Axe
21:08 Castle Age
21:17 Stone Mining
22:40 Bow Saw
22:37 Heavy Plow
25:05 Husbandry
25:16 Bloodlines
28:04 Forging
28:23 Gold Mining
30:44 Scale Barding Armor
31:15 Iron Casting
32:25 Treadmill Crane
35:28 Imperial Age
33:17 Squires
33:04 Gambesons
33:05 Arson
34:05 Wheelbarrow
33:16 Town Watch
34:21 Caravan
34:33 Scale Mail Armor
34:44 Pikeman
36:21 Stone Shaft Mining
37:15 Two-Man Saw
37:09 Crop Rotation
37:43 Conscription
37:58 Hand Cart
37:49 Gothikon
40:40 Blast Furnace
39:56 Chain Mail Armor
39:55 Elite Varangian Guard
42:17 Cavalier
normalnocturnal
4:36 Loom
12:01 Feudal Age
12:18 Man-at-Arms
13:18 Arson
13:33 Double-Bit Axe
14:10 Fishing Lines
16:29 Wheelbarrow
17:10 Forging
17:00 Scale Mail Armor
20:11 Stone Mining
22:49 Castle Age
22:08 Scale Mail Armor
21:59 Fletching
23:52 Squires
24:24 Bodkin Arrow
24:29 Padded Archer Armor
24:48 Gold Mining
25:00 Gambesons
24:40 Long Swordsman
25:44 Horse Collar
27:03 Leather Archer Armor
30:59 Chain Mail Armor
32:31 Bow Saw
32:49 Heavy Plow
33:25 Murder Holes
33:52 Ballistics
41:38 Imperial Age
41:07 Hand Cart
40:21 Clerical Recruitment
44:52 Two-Man Saw
Connection lost

Rejoining the realm…

Still unreachable

The connection could not be restored.

Session expired

The server has moved on; the page needs a fresh start.